 Dungeon Crawl Stone Soup version 0.20.0-14-g326068f (webtiles) character file.

3153 grindst0ne the Fighter (level 9, -5/62 HPs)
             Began as a Gargoyle Berserker on June 8, 2017.
             Was an Elder of Trog.
             Killed by divine providence
             ... invoked by an orc priest
              (13 damage)
             ... on level 9 of the Dungeon.
             The game lasted 00:10:39 (6702 turns).

grindst0ne the Fighter (Gargoyle Berserker)         Turns: 6702, Time: 00:10:40

Health: -5/62      AC: 24    Str: 20    XL:     9   Next: 93%
Magic:  18/18      EV:  8    Int:  9    God:    Trog [****..]
Gold:   463        SH:  0    Dex: 12    Spells: 8/8 levels left

rFire    . . .     SeeInvis .   D - +4 spear of Indomitability {pierce, MP+9}
rCold    . . .     Gourm    .   (no shield)
rNeg     + . .     Faith    .   K - +0 chain mail
rPois    ∞         Spirit   .   (no helmet)
rElec    +         Reflect  .   (no cloak)
rCorr    .         Harm     .   (no gloves)
MR       .....                  z - +0 pair of boots
Stlth    ..........             x - amulet of magic regeneration
Regen    0.2/turn               J - +3 ring of protection
MPRegen  0.3/turn               r - +4 ring of protection

@: berserk cooldown, slowed, very slow
A: negative energy resistance 1, electricity resistance, unbreathing,
petrification resistance, rot immunity, AC +5
a: Berserk, Trog's Hand, Brothers in Arms, Burn Spellbooks, Renounce Religion


You were on level 9 of the Dungeon.
You worshipped Trog.
Trog was greatly pleased with you.
You were near starving.

You visited 1 branch of the dungeon, and saw 9 of its levels.

You collected 463 gold pieces.

Inventory:

Hand Weapons
 b - a +0 hand axe
 D - the +4 spear of Indomitability (weapon) {pierce, MP+9}
   (You found it on level 4 of the Dungeon)

   It inflicts extra damage upon your enemies.
   It affects your magic capacity (+9).
Armour
 z - a +0 pair of boots (worn)
 G - a +2 leather armour of cold resistance
 K - a +0 chain mail (worn)
Jewellery
 r - a +4 ring of protection (right hand)
 x - an amulet of magic regeneration (around neck)
 H - a +5 ring of dexterity
 J - a +3 ring of protection (left hand)
Wands
 F - a wand of paralysis (6/24)
Scrolls
 a - a scroll of brand weapon {unknown}
 g - 4 scrolls of fog {unknown}
 i - 9 scrolls of teleportation {unknown}
 l - a scroll of immolation {unknown}
 m - a scroll of blinking {unknown}
 o - a scroll of remove curse {unknown}
 q - a scroll of vulnerability {unknown}
 u - 5 scrolls of identify {unknown}
 v - a scroll of enchant weapon {unknown}
 w - a scroll of enchant armour {unknown}
 y - a scroll of random uselessness {unknown}
 B - 2 scrolls of amnesia {unknown}
 C - a scroll of recharging {unknown}
 I - a scroll of acquirement {unknown}
Potions
 d - 2 potions of invisibility {unknown}
 e - 2 potions of haste {unknown}
 f - 5 potions of curing {unknown}
 h - a potion of resistance {unknown}
 k - 2 potions of flight {unknown}
 n - 2 potions of ambrosia {unknown}
 s - 4 potions of heal wounds {unknown}
 A - a potion of might {unknown}
 E - 3 potions of berserk rage {unknown}
 L - a potion of mutation {unknown}
Comestibles
 c - 5 bread rations
 j - 4 meat rations
 p - 3 royal jellies
 t - a fruit


   Skills:
 + Level 10.1 Fighting
 + Level 8.4 Axes
 - Level 6.6 Armour
 - Level 1.5 Dodging


You had 8 spell levels left.
You didn't know any spells.

Dungeon Overview and Level Annotations

Branches:
Dungeon (9/15)             Temple (0/1) D:6
   Lair: D:8-11         Orc: D:9-12

Altars:


Innate Abilities, Weirdness & Mutations

You are resistant to torment.
Your stone body is resilient. (AC +5)
You are immune to poison.
You resist negative energy. (rN+)
You are resistant to electric shocks. (rElec)
You can survive without breathing.
You are immune to petrification.
You are immune to rotting.


Message History

You hit the orc priest.
The orc priest is lightly wounded.
The orc priest calls down the wrath of Beogh upon you.
Beogh smites you! Something hits you but does no damage.
The orc priest hits you but does no damage.
You hit the orc priest.
The orc priest is moderately wounded.
Something hits you but does no damage.
The orc priest hits you but does no damage.
The orc priest invokes the aid of Beogh against you.
Beogh smites you!
The orc priest mumbles some strange prayers to Beogh against you.
Beogh smites you!
* * * LOW HITPOINT WARNING * * *
The orc priest hits you with a trident of protection.
* * * LOW HITPOINT WARNING * * *
The orc priest looks encouraged for a moment.
The orc priest mumbles some strange prayers to Beogh against you.
Beogh smites you!
You die...

#.##.# #.##.# #.##.###### .
########.#........ o.
#................. (.o#########
#................. ...........#
#..<.........##### #.........#
#..........#.#
##.........#####@.........#.###
...........HT.o..............>#
##.........###o..>#####.#.#.#.#
#.........# #....# #.#.#.#.#
########### #....# #.#.#.#.#
#######....# #.#.#.#.#
#####....†.....# #.#.....#
...............# #.###.#####
####..........#####..........


You could see a hippogriff, a troll and 2 orc priests.

Vanquished Creatures
  A hornet (D:9)
  3 water moccasins
  2 orc warriors
  A phantom (D:6)
  2 sky beasts
  2 ice beasts
  3 ogres
  A centaur (D:8)
  A big kobold (D:7)
  2 bullfrogs
  A scorpion (D:5)
  5 wights (D:6)
  8 howler monkeys
  A crimson imp (D:8)
  2 hounds
  2 jellies
  2 bullfrog skeletons
  4 orc priests
  Ijyb (D:4)
  2 iguanas
  5 orc wizards
  3 worker ants
  3 hound skeletons
  2 worker ant zombies
  4 gnolls (D:5)
  7 adders
  2 oozes
  2 adder zombies
  A worm (D:2)
  A dart slug (D:2)
  5 leopard geckos
  25 orcs
  5 giant cockroaches
  5 hobgoblins
  8 jackals
  10 kobolds
  5 quokkas
  2 ball pythons
  6 bats
  8 frilled lizards
  A giant cockroach zombie (D:5)
  7 goblins
  2 quokka skeletons
  4 rats
169 creatures vanquished.

Notes
Turn   | Place    | Note
-------+----------+-------------------------------------------
     0 | D:1      | grindst0ne the Gargoyle Berserker began the quest for the Orb.
     0 | D:1      | Reached XP level 1. HP: 14/14 MP: 1/1
   278 | D:1      | Reached XP level 2. HP: 19/19 MP: 2/2
  1352 | D:2      | Reached XP level 3. HP: 23/24 MP: 3/3
  1599 | D:2      | Reached ** piety under Trog
  1837 | D:2      | Reached skill level 4 in Fighting
  1929 | D:3      | Reached XP level 4. HP: 29/29 MP: 4/4
  2404 | D:4      | Reached XP level 5. HP: 34/34 MP: 5/5
  2851 | D:4      | Got a pitted spear
  2852 | D:4      | Identified the +4 spear of Indomitability {pierce, MP+9} (You found it on level 4 of the Dungeon)
  3044 | D:4      | Noticed Ijyb
  3044 | D:4      | Paralysed by Ijyb for 2 turns
  3053 | D:4      | Killed Ijyb
  3053 | D:4      | Reached skill level 5 in Fighting
  3053 | D:4      | Reached XP level 6. HP: 40/40 MP: 6/6
  3397 | D:5      | Entered Level 5 of the Dungeon
  3743 | D:5      | Noticed an ice beast
  3749 | D:5      | Killed an ice beast
  3749 | D:5      | Reached skill level 5 in Armour
  3749 | D:5      | Reached XP level 7. HP: 44/44 MP: 7/7
  4027 | D:5      | Reached skill level 5 in Axes
  4088 | D:5      | Reached skill level 6 in Fighting
  4217 | D:5      | Reached XP level 8. HP: 52/52 MP: 8/8
  4374 | D:6      | Reached *** piety under Trog
  4526 | D:6      | Reached skill level 7 in Fighting
  4708 | D:6      | Found a staircase to the Ecumenical Temple.
  5092 | D:7      | Reached skill level 8 in Fighting
  5092 | D:7      | Reached XP level 9. HP: 59/59 MP: 9/9
  5156 | D:7      | Reached **** piety under Trog
  5714 | D:8      | Reached skill level 9 in Fighting
  5828 | D:8      | Got a warped platinum ring
  5832 | D:8      | Identified the ring of Ikhi {*Tele rElec rC- rN+ Int+2} (You found it on level 8 of the Dungeon)
  6525 | D:9      | Noticed a hornet
  6538 | D:9      | Killed a hornet
  6597 | D:9      | Reached skill level 10 in Fighting
  6692 | D:9      | Noticed a troll
  6702 | D:9      | Killed from afar by an orc priest

Skill      XL: |  1  2  3  4  5  6  7  8  9 |
---------------+----------------------------+-----
Axes           | 3 4 5 6 8 |  8.4
Armour         | 3 4 5 6 |  6.6
Fighting       | 4 5 6 8 10 | 10.1
Dodging        | |  1.5

Action                   |  1- 3 |  4- 6 |  7- 9 || total
-------------------------+-------+-------+-------++-------
Melee: Hand axe          |   126 |    43 |       ||   169
       Dagger            |       |    45 |       ||    45
       Spear             |       |    54 |   323 ||   377
Invok: Berserk           |     1 |     5 |    13 ||    19
Evoke: Wand              |       |     1 |       ||     1
  Eat: Chunk             |     4 |    10 |    20 ||    34
       Bread ration      |       |     1 |       ||     1
Armor: Animal skin       |     5 |       |       ||     5
       Ring mail         |    52 |    52 |       ||   104
       Leather armour    |       |    17 |    34 ||    51
       Chain mail        |       |       |   180 ||   180
Dodge: Dodged            |    89 |    73 |   153 ||   315
